 Dungeon Crawl Stone Soup version 0.23.2-40-g277498a001 (webtiles) character file.

Game seed: 9505438427282443002

23851 FishyPogo the Blocker (level 12, -9/113 HPs)
             Began as a Minotaur Fighter on Aug 23, 2019.
             Was an Elder of the Shining One.
             Mangled by a catoblepas (13 damage)
             ... while petrified by you
             ... on level 3 of the Lair of Beasts.
             The game lasted 00:50:30 (10541 turns).

FishyPogo the Blocker (Minotaur Fighter)           Turns: 10541, Time: 00:50:31

Health: -9/113     AC: 12    Str: 24    XL:     12   Next: 75%
Magic:  15/15      EV:  2    Int:  5    God:    the Shining One [****..]
Gold:   1073       SH:  0    Dex: 12    Spells: 11/11 levels left

rFire    + . .     SeeInvis .   a - +2 morningstar (protect)
rCold    + + .     Gourm    .   c - +1 shield
rNeg     + + +     Faith    .   F - +2 robe {rC+ rF+}
rPois    ∞         Spirit   .   (helmet restricted)
rElec    +         Reflect  .   C - +2 cloak {MR+}
rCorr    +         Harm     .   t - +0 pair of gloves
MR       +....                  y - +1 pair of boots
Stlth    +.........             I - amulet of rage
HPRegen  0.28/turn              E - ring of Juyj {rCorr *Corrode rElec rC+}
MPRegen  0.14/turn              L - ring of wizardry

@: petrified, glowing
A: retaliatory headbutt, horns 2
a: Divine Shield, Cleansing Flame, Renounce Religion, Evoke Berserk Rage


You were on level 3 of the Lair of Beasts.
You worshipped the Shining One.
The Shining One was greatly pleased with you.
You were hungry.

You visited 4 branches of the dungeon, and saw 18 of its levels.
You also visited: Ice Cave.

You collected 1073 gold pieces.

Inventory:

Hand Weapons
 a - a +2 morningstar of protection (weapon)
 b - a +2 flail of venom
Missiles
 n - 337 stones (quivered)
 s - 10 tomahawks
 x - a throwing net
 B - 177 arrows
Armour
 c - a +1 shield (worn)
 h - a +1 robe of magic resistance
 t - a +0 pair of gloves (worn)
 y - a +1 pair of boots (worn)
 C - a +2 cloak of magic resistance (worn)
 F - a +2 robe of resistance (worn)
 G - the +3 leather armour of Lefreo {rC- MR++ Str+3 Slay+3}
   (You found it on level 8 of the Dungeon)

   It affects your strength (+3).
   It affects your accuracy and damage with ranged weapons and melee attacks
   (+3).
   It makes you vulnerable to cold.
   It affects your resistance to hostile enchantments.
 O - a +1 leather armour of fire resistance
Jewellery
 p - an uncursed ring of fire
 E - the ring of Juyj (left hand) {rCorr *Corrode rElec rC+}
   (You found it on level 7 of the Dungeon)

   [ring of resist corrosion]

   It protects you from cold.
   It insulates you from electricity.
   It may corrode you when you take damage.
 I - an amulet of rage (around neck)
 L - a ring of wizardry (right hand)
Wands
 J - a wand of digging (10)
 K - a wand of paralysis (7)
 N - a wand of disintegration (11)
Scrolls
 e - 9 scrolls of teleportation {unknown}
 i - 9 scrolls of identify
 j - 7 scrolls of remove curse
 k - 2 scrolls of enchant armour
 l - 2 scrolls of enchant weapon {unknown}
 o - 2 scrolls of immolation {unknown}
 q - 3 scrolls of random uselessness {unknown}
 w - 3 scrolls of amnesia {unknown}
 H - 3 scrolls of blinking {unknown}
 M - a scroll of fear {unknown}
 P - a scroll of torment {unknown}
 Q - a scroll of noise {unknown}
 R - a scroll of acquirement {unknown}
 S - a scroll of summoning {unknown}
 T - a scroll of brand weapon {unknown}
Potions
 d - 4 potions of might
 g - a potion of haste
 m - 5 potions of ambrosia
 r - 9 potions of flight
 u - 3 potions of lignification
 v - a potion of magic {unknown}
 z - 5 potions of brilliance {unknown}
 A - a potion of curing {unknown}
 D - a potion of heal wounds
Comestibles
 f - 20 rations


   Skills:
 * Level 12.8 Fighting
   Level 3.3(7.7) Axes
 * Level 10.7(10.9) Maces & Flails
   Level 2.1 Bows
 * Level 10.3 Armour
 + Level 6.2 Dodging
 * Level 12.8 Shields
 + Level 6.5 Invocations
 - Level 5.4 Evocations


You had 11 spell levels left.
You didn't know any spells.
Your spell library contained the following spells:

 Spells                   Type           Power        Failure   Level  Hunger
 Animate Skeleton         Necr           N/A          26%         1    ##.....
 Apportation              Tloc           #.....       26%         1    ##.....
 Beastly Appendage        Tmut           #.....       26%         1    ##.....
 Confusing Touch          Hex            #.....       26%         1    ##.....
 Corona                   Hex            #......      26%         1    ##.....
 Magic Dart               Conj           #...         26%         1    ##.....
 Shock                    Conj/Air       #...         26%         1    ##.....
 Summon Small Mammal      Summ           #...         26%         1    ##.....
 Call Imp                 Summ           #.......     38%         2    ###....
 Ensorcelled Hibernation  Hex/Ice        #.....       38%         2    ###....
 Searing Ray              Conj           #.....       38%         2    ###....
 Sticks to Snakes         Tmut           #.......     38%         2    ###....
 Swiftness                Chrm/Air       #.......     38%         2    ###....
 Call Canine Familiar     Summ           #.......     61%         3    ####...
 Confuse                  Hex            #.......     61%         3    ####...
 Dazzling Spray           Conj/Hex       #.....       61%         3    ####...
 Spider Form              Tmut/Pois      #.........   61%         3    ####...
 Static Discharge         Conj/Air       #.......     61%         3    ####...
 Summon Guardian Golem    Hex/Summ       #.......     61%         3    ####...
 Tukima's Dance           Hex            #.......     61%         3    ####...
 Airstrike                Air            #.........   93%         4    #####..
 Force Lance              Conj/Tloc      #.......     93%         4    #####..
 Fulminant Prism          Conj/Hex       #.........   93%         4    #####..
 Ice Form                 Ice/Tmut       #.......     93%         4    #####..
 Iskenderun's Mystic Bla  Conj           #.......     93%         4    #####..
 Summon Ice Beast         Ice/Summ       #.......     93%         4    #####..
 Summon Lightning Spire   Summ/Air       #.......     93%         4    #####..
 Blade Hands              Tmut           #.........   99%         5    ######.
 Borgnjor's Vile Clutch   Necr/Erth      #.........   99%         5    ######.
 Lightning Bolt           Conj/Air       #.........   99%         5    ######.
 Silence                  Hex/Air        #.........   99%         5    ######.
 Darkness                 Hex            #.........   100%        6    #######
 Shadow Creatures         Summ           N/A          100%        6    #######


Dungeon Overview and Level Annotations

Branches:
Dungeon (12/15)            Temple (1/1) D:4            Lair (3/6) D:8
 Shoals (0/4) Lair:2        Snake (0/4) Lair:2          Orc (2/2) D:9
    Elf: Orc:2

Altars:
Ashenzari
Cheibriados
Dithmenos
Elyvilon
Fedhas
Gozag
Hepliaklqana
Kikubaaqudgha
Makhleb
Nemelex Xobeh
Okawaru
Qazlal
Ru
Sif Muna
Trog
Uskayaw
Vehumet
Wu Jian
Xom
Yredelemnul
Zin
The Shining One

Shops:
D:4 (

Annotations:
D:5 1 runed translucent door, FishyPogo's ghost, novice NaTm
D:9 3 runed translucent doors, Jabberih's ghost, novice VSEn


Innate Abilities, Weirdness & Mutations

You reflexively headbutt those who attack you in melee.
You have a pair of horns on your head.


Message History

The catoblepas gores you!
* * * LOW HITPOINT WARNING * * *
The catoblepas gores you but does no damage.
Throwing (i - inventory. (/) - cycle)
n - 338 stones (quivered)
Press: ? - help, Shift-Dir - straight line, f/p - catoblepas
Aim: a catoblepas (haloed)
You throw a stone.
The stone hits the catoblepas but does no damage.
You are engulfed in calcifying dust.
Your limbs have turned to stone.
The catoblepas gores you but does no damage.
You have turned to stone.
You are engulfed in calcifying dust.
The catoblepas breathes a plume of calcifying dust at you.
The blast of calcifying dust hits you but does no damage.
The catoblepas gores you!
* * * LOW HITPOINT WARNING * * *
The catoblepas gores you!! The Shining One protects you from harm!
The catoblepas gores you!!
You die...

.......>..)..######
(.....P.#..P.....##.#.##
≈≈... #...P..........P#
≈..... ###..#.##.##.....
≈..... ##.##.#########.
≈.....# #..#.÷..# #...
S....^.###.##....$....P#
........#P..###..#P#####
......§@Y....# ### #
.....###.##### ... ### .


You could see a catoblepas and a lava snake.

Vanquished Creatures
  Erolcha (D:11)
  3 hydras
  2 two-headed ogres
  An unseen horror (D:10)
  3 ugly things
  An orc sorcerer (Orc:1)
  A black mamba (Lair:3)
  4 spiny frogs
  A centaur skeleton (D:11)
  6 komodo dragons
  A queen bee (D:10)
  A troll (D:9)
  Grinder (D:4)
  A hornet (D:11)
  2 hippogriffs
  4 blink frogs (Lair:1)
  A wyvern (D:10)
  4 yaks (Lair:1)
  A wraith (D:11)
  Grum (D:11)
  2 hungry ghosts
  2 nagas (Lair:2)
  Edmund (D:4)
  An acid dragon (D:11)
  Menkaure (D:4)
  4 water moccasins
  A hornet zombie (D:5)
  6 porcupines
  A sky beast (D:6)
  10 orc warriors
  9 ice beasts
  4 phantoms
  3 black bears
  5 centaurs
  8 wolves
  6 ogres
  A big kobold (D:7)
  4 crocodiles
  Blork the orc (D:4)
  17 bullfrogs
  A gnoll sergeant (D:11)
  7 scorpions
  21 killer bees
  An electric eel (D:9)
  4 howler monkeys
  5 crimson imps
  A lava snake (Lair:3)
  2 bullfrog zombies
  A quasit (D:9)
  8 jellies
  4 bullfrog skeletons
  6 hounds
  4 orc priests
  10 orc wizards
  Crazy Yiuf (D:6)
  4 iguanas
  8 worker ants
  A hound skeleton (D:8)
  A howler monkey zombie (D:9)
  A worker ant zombie (D:5)
  10 gnolls
  A howler monkey skeleton (D:7)
  21 adders
  3 shadow imps
  An adder skeleton (D:4)
  2 adder zombies
  A worm (D:4)
  4 dart slugs
  7 leopard geckos
  41 orcs
  8 bats
  11 giant cockroaches
  9 hobgoblins
  21 jackals
  2 quokkas
  2 ball pythons
  5 frilled lizards
  A giant cockroach zombie (D:6)
  3 goblins
  16 kobolds
  6 rats
393 creatures vanquished.

Vanquished Creatures (others)
  A fungus (D:8)
1 creature vanquished.

Grand Total: 394 creatures vanquished

Notes
Turn   | Place    | Note
-------+----------+-------------------------------------------
     0 | D:1      | FishyPogo the Minotaur Fighter began the quest for the Orb.
     0 | D:1      | Reached XP level 1. HP: 19/19 MP: 0/0
    66 | D:1      | Reached XP level 2. HP: 24/27 MP: 1/1
   200 | D:1      | Reached XP level 3. HP: 16/33 MP: 2/2
   595 | D:2      | Reached skill level 1 in Dodging
   633 | D:2      | Reached XP level 4. HP: 37/41 MP: 3/3
  1388 | D:3      | Reached XP level 5. HP: 36/47 MP: 4/4
  1721 | D:3      | Reached skill level 5 in Fighting
  1986 | D:4      | Found a staircase to the Ecumenical Temple.
  1994 | D:4      | Reached skill level 5 in Shields
  2000 | Temple   | Entered the Ecumenical Temple
  2203 | Temple   | Became a worshipper of the Shining One
  2240 | D:4      | Got a scorched leather armour
  2251 | D:4      | Identified the cursed +0 leather armour of Plog {Int+3}
                  | (You found it on level 4 of the Dungeon)
  2336 | D:4      | Reached skill level 1 in Maces & Flails
  2342 | D:4      | Reached XP level 6. HP: 56/56 MP: 5/5
  2346 | D:4      | Noticed Edmund
  2376 | D:4      | Killed Edmund
  2439 | D:4      | Found Buwaid's Antique Weapon Emporium.
  2465 | D:4      | Noticed Menkaure
  2482 | D:4      | Killed Menkaure
  2493 | D:4      | Noticed Blork the orc
  2495 | D:4      | Reached skill level 5 in Maces & Flails
  2495 | D:4      | Reached skill level 5 in Evocations
  2495 | D:4      | Reached XP level 7. HP: 14/70 MP: 5/10
  2506 | D:4      | Killed Blork the orc
  2506 | D:4      | Reached XP level 8. HP: 43/78 MP: 6/11
  2858 | D:5      | Entered Level 5 of the Dungeon
  2872 | D:4      | Noticed Grinder
  2887 | D:4      | Paralysed by Grinder for 2 turns
  2889 | D:4      | Killed Grinder
  2889 | D:4      | Reached skill level 5 in Armour
  3074 | D:5      | Found an iron altar of Okawaru.
  3279 | D:5      | Found a runed translucent door.
  3281 | D:5      | Noticed FishyPogo's ghost (novice NaTm)
  3580 | D:6      | Reached XP level 9. HP: 85/85 MP: 12/12
  3584 | D:6      | Reached * piety under the Shining One
  3603 | D:6      | Reached skill level 10 in Fighting
  3712 | D:6      | Found a runed translucent door.
  3713 | D:6      | Noticed Crazy Yiuf
  3722 | D:6      | Killed Crazy Yiuf
  3791 | D:6      | Found an ornate altar of the Wu Jian Council.
  3818 | D:6      | Reached skill level 10 in Shields
  3875 | D:6      | Reached skill level 1 in Bows
  4308 | D:7      | Reached ** piety under the Shining One
  4309 | D:7      | Got a faintly glowing jade ring
  4310 | D:7      | Identified the ring of Juyj {rCorr *Corrode rElec rC+} (You
                  | found it on level 7 of the Dungeon)
  4677 | D:7      | Found a snail-covered altar of Cheibriados.
  4678 | D:7      | Found a shattered altar of Ashenzari.
  4681 | D:7      | Reached XP level 10. HP: 89/94 MP: 13/13
  4867 | D:8      | Noticed a two-headed ogre
  4874 | D:8      | Killed a two-headed ogre
  4925 | D:8      | Got a transparent leather armour
  4936 | D:8      | Identified the +3 leather armour of Lefreo {rC- MR++ Str+3
                  | Slay+3} (You found it on level 8 of the Dungeon)
  5146 | D:8      | Found a staircase to the Lair.
  5474 | D:9      | Found a runed translucent gate.
  5474 | D:9      | Found a runed translucent gate.
  5474 | D:9      | Found a runed translucent gate.
  5504 | D:9      | Noticed Jabberih's ghost (novice VSEn)
  5630 | D:9      | Found a staircase to the Orcish Mines.
  5659 | D:9      | Found a glowing silver altar of Zin.
  5659 | D:9      | Found an opulent altar of Gozag.
  5735 | D:9      | Reached *** piety under the Shining One
  6108 | D:10     | Entered Level 10 of the Dungeon
  6578 | D:10     | Noticed an unseen horror
  6590 | D:10     | Killed an unseen horror
  6590 | D:10     | Reached skill level 5 in Invocations
  6590 | D:10     | Reached XP level 11. HP: 91/102 MP: 14/14
  7097 | D:11     | Noticed a green ugly thing
  7110 | D:11     | Killed a green ugly thing
  7118 | D:11     | Noticed Erolcha
  7132 | D:11     | Killed Erolcha
  7151 | D:11     | Noticed a two-headed ogre
  7161 | D:11     | Found a stormy altar of Qazlal.
  7173 | D:11     | Killed a two-headed ogre
  7304 | D:11     | Noticed Grum
  7317 | D:11     | Killed Grum
  7370 | D:11     | Reached skill level 5 in Dodging
  7658 | D:11     | Reached **** piety under the Shining One
  7666 | D:11     | Paralysed by a hornet for 3 turns
  7887 | D:11     | Noticed a green ugly thing
  7896 | D:11     | Killed a green ugly thing
  8030 | Orc:1    | Entered Level 1 of the Orcish Mines
  8066 | Orc:1    | Noticed an orc sorcerer
  8071 | Orc:1    | Killed an orc sorcerer
  8267 | Orc:2    | Entered Level 2 of the Orcish Mines
  8284 | Orc:2    | Noticed an orc sorcerer
  8284 | Orc:2    | Noticed a stone giant
  8347 | Lair:1   | Entered Level 1 of the Lair of Beasts
  8544 | Lair:2   | Found a staircase to the Shoals.
  8595 | Lair:1   | Reached XP level 12. HP: 105/112 MP: 15/15
  8730 | Lair:1   | Noticed a four-headed hydra
  8734 | Lair:1   | Killed a four-headed hydra
  8734 | Lair:1   | Reached skill level 10 in Maces & Flails
  8812 | Lair:1   | Noticed a four-headed hydra
  8819 | Lair:1   | Killed a four-headed hydra
  9175 | Lair:2   | Found a frozen archway.
  9197 | IceCv    | Entered an ice cave
  9220 | IceCv    | Reached skill level 10 in Armour
  9477 | Lair:2   | Found a staircase to the Snake Pit.
 10137 | Lair:3   | Noticed a seven-headed hydra
 10148 | Lair:3   | Killed a seven-headed hydra
 10174 | Lair:3   | Noticed a catoblepas
 10539 | Lair:3   | HP: 4/113 [catoblepas (6)]
 10540 | Lair:3   | The Shining One protects you from harm!
 10541 | Lair:3   | Mangled by a catoblepas

Skill      XL: |  1  2  3  4  5  6  7  8  9 10 11 12 |
---------------+-------------------------------------+-----
Fighting       | 4 5 9 10 11 12 | 12.8
Shields        | 4 5 9 10 11 12 | 12.8
Armour         | 4 5 6 7 9 10 | 10.3
Dodging        | 1 2 3 4 5 6 |  6.2
Axes           | 3 |  3.3
Maces & Flails | 1 5 6 7 8 9 10 | 10.7
Invocations    | 3 4 5 6 |  6.5
Evocations     | 5 |  5.4
Bows           | 1 2 |  2.1

Action                   |  1- 3 |  4- 6 |  7- 9 | 10-12 || total
-------------------------+-------+-------+-------+-------++-------
Melee: War axe           |    88 |   100 |       |       ||   188
       Headbutt          |    13 |    14 |    36 |    93 ||   156
       Morningstar       |       |    36 |   155 |   372 ||   563
       Flail             |       |       |    74 |   156 ||   230
       Unarmed           |       |       |       |     1 ||     1
Throw: Tomahawk          |       |     2 |     2 |     9 ||    13
       Stone             |       |       |     6 |   174 ||   180
  Use: Scroll            |       |     3 |       |     1 ||     4
       Potion            |       |     4 |     2 |     1 ||     7
  Eat: Chunk             |       |     5 |     8 |    22 ||    35
Armor: Scale mail        |    63 |    52 |   107 |     5 ||   227
       Leather armour    |       |       |       |   108 ||   108
       Skin              |       |       |       |    57 ||    57
       Robe              |       |       |       |    32 ||    32
Dodge: Dodged            |    38 |    45 |    90 |   190 ||   363
Block: Shield            |    61 |    79 |   190 |   421 ||   751
